 Dungeon Crawl Stone Soup version 0.25.0-9-g26727b657a (webtiles) character file.

Game seed: 9344763836024229501

63 Flugkiller the Shield-Bearer (level 3, -16/34 HPs)
             Began as a Deep Dwarf Fighter on June 22, 2020.
             Killed from afar by Ijyb (22 damage)
             ... with a bolt of acid
             ... on level 3 of the Dungeon.
             The game lasted 00:00:46 (587 turns).

Flugkiller the Shield-Bearer (Deep Dwarf Fighter)    Turns: 587, Time: 00:00:46

Health: -16/34     AC:  5    Str: 20    XL:     3   Next: 87%
Magic:  1/1        EV:  7    Int:  8    God:
Gold:   92         SH:  9    Dex: 12    Spells: 2/2 levels left

rFire    . . .     SeeInvis .   a - +0 war axe
rCold    . . .     Gourm    .   l - +0 kite shield (curse)
rNeg     . . .     Faith    .   b - +0 scale mail
rPois    .         Spirit   .   k - +1 helmet
rElec    .         Reflect  .   (no cloak)
rCorr    .         Harm     .   (no gloves)
MR       .....                  (no boots)
Stlth    ..........             (no amulet)
HPRegen  0.00/turn              (no ring)
MPRegen  0.07/turn              (no ring)

@: corroded, non-regenerating
A: damage resistance, heal wounds, sense surroundings 1, no regeneration
a: Heal Wounds


You were on level 3 of the Dungeon.
You were not hungry.

You visited 1 branch of the dungeon, and saw 3 of its levels.

You collected 92 gold pieces.

Inventory:

Hand Weapons
 a - a +0 war axe (weapon)
Armour
 b - a +0 scale mail (worn)
 k - a +1 helmet (worn)
   (You took it off Robin on level 3 of the Dungeon)
 l - a cursed +0 kite shield (worn)
   (You found it on level 3 of the Dungeon)
Scrolls
 j - a scroll of teleportation {unknown}
Potions
 d - a potion of might
 f - a potion of magic
 g - a potion of ambrosia
 i - a potion of lignification {unknown}
 q - 2 potions of curing
Comestibles
 e - a ration
 h - 8 chunks of flesh


   Skills:
 * Level 3.3 Fighting
 * Level 3.2 Axes
 + Level 3.6 Armour
 + Level 3.7 Shields


You had 2 spell levels left.
You didn't know any spells.
Your spell library was empty.

Dungeon Overview and Level Annotations

Branches:
Dungeon (3/15)

Altars:
Fedhas

Annotations:
D:3 Ijyb


Innate Abilities, Weirdness & Mutations

You are resistant to damage.
You can heal yourself by infusing magical energy.
You passively map a small area around you.
You do not regenerate.


Message History

Some of the chunks of flesh in your inventory have rotted away.
Ijyb the Twisted Goblin comes into view.
She is wielding a +0 club and carrying a wand of acid (8).
Ijyb shouts!
Ijyb is nearby!
Ijyb is nearby!
Found an escape hatch in the ceiling.
Ijyb zaps a wand.
The bolt of acid hits you! The acid corrodes you!
You are splashed with acid!
* * * LOW HITPOINT WARNING * * *
You are too injured to fight recklessly!
You are too injured to fight recklessly!
You are too injured to fight recklessly!
You are too injured to fight recklessly!
You are too injured to fight recklessly!
You are too injured to fight recklessly!
You are too injured to fight recklessly!
Unknown command.
Ijyb zaps a wand.
The bolt of acid hits you!!
Ouch! That really hurt!
You die...

##.#####...#* ,
.#># #.### , ...#
#.# ...# #.# *
...#####.# , ,,
.).......# * *
[####.#### *#######
## #.#
############.g.....
#
#.###.......@....#
#
#..............#.#
* #
#####.########...#
*,, , # #.# ##.## ,
# #.# .#* , ## #.#
.# ,, .### #.# .#
...# #.# <. * ...#
.# * ## *,


You could see Ijyb.

Vanquished Creatures
  A hound skeleton (D:2)
  Robin (D:3)
  A dart slug (D:2)
  A worm (D:2)
  A leopard gecko (D:2)
  8 goblins
  3 hobgoblins
  6 jackals
  2 quokkas
  A ball python (D:1)
  3 bats (D:2)
  2 frilled lizards (D:2)
  3 kobolds
33 creatures vanquished.

Notes
Turn   | Place    | Note
-------+----------+-------------------------------------------
     0 | D:1      | Flugkiller the Deep Dwarf Fighter began the quest for the
                  | Orb.
     0 | D:1      | Reached XP level 1. HP: 20/20 MP: 1/1
   217 | D:2      | Reached XP level 2. HP: 12/27 MP: 2/2
   341 | D:2      | Reached XP level 3. HP: 24/34 MP: 2/2
   353 | D:3      | Found a blossoming altar of Fedhas.
   356 | D:3      | Noticed Robin
   385 | D:3      | Killed Robin
   582 | D:3      | Noticed Ijyb
   587 | D:3      | Killed from afar by Ijyb

Illustrated notes

Levels and vault maps discovered:
D:1:      mrwooster_arrival_arrow, layout_loops_corners
D:2:      layout_rooms, kennysheep_generic_room_8
D:3:      layout_loops_ring, grunt_temple_overflow_opulence,
          overflow_temple_1_default, kennysheep_slug_shrine,
          minmay_misc_feat_tiny, minmay_statues_item, uniq_sigmund, uniq_robin,
          uniq_crazy_yiuf_cottage, uniq_ijyb

Skill      XL: |  1  2  3 |
---------------+----------+-----
Fighting       | 3 |  3.3
Axes           | 3 |  3.2
Armour         | |  3.6
Shields        | |  3.7

Action                   || total
-------------------------++-------
Melee: War axe           ||    89
 Abil: Heal Wounds       ||     2
  Use: Scroll            ||     3
Armor: Scale mail        ||    64
Dodge: Dodged            ||    40
Block: Kite shield       ||    68
